Map: 16-Bit LE

Players

Brackett - Winner!

  • Race: Terran Terran
  • League: Platinum
  • Spawn Location: 7:00

dremovd

  • Race: Zerg Zerg
  • League: Platinum
  • Spawn Location: 1:00

VOD

Have the link to the VOD?

Description

Time

  • Played on: Aug. 7, 2018, 3:19 a.m.
  • Length: 6:26
Show
View Real Time Build Order
Export as new Build Order

Brackett Terran - Winner!

Build Orders: Cyclone Opening 

Get SALT Encoding   

  12  0:00  SCV  
  13  0:13  SCV  
  14  0:18  Supply Depot  
  14  0:25  SCV  
  15  0:30  Refinery  
  15  0:40  SCV  
  16  0:46  Barracks  
  16  0:52  SCV  
  17  0:58  Refinery  
  17  1:04  SCV  
  18  1:16  SCV  
  19  1:28  SCV  
  20  1:34  Factory  
  20  1:42  Orbital Command  
  20  1:50  Barracks Reactor  
  20  2:03  Supply Depot  
  20  2:07  SCV  
  21  2:25  SCV  
  21  2:35  Cyclone x2  
  27  2:39  Marine, SCV  
  29  2:46  Supply Depot  
  29  2:51  SCV  
  30  2:56  Supply Depot  
  30  2:57  Marine  
  31  3:19  Marine, SCV  
  33  3:20  Cyclone  
  33  3:21  Cyclone  
  39  3:30  Supply Depot  
  39  3:37  Marine  
  40  3:53  Cyclone x2  
  40  3:55  Marine  
  41  4:13  Marine  
  42  4:24  Supply Depot  
  42  4:25  Cyclone x2  
  41  4:49  Marine  
  42  4:57  Cyclone x2  
  48  5:00  Command Center  
  48  5:07  Marine  
  46  5:24  Marine  
  45  5:37  Cyclone x2  
  45  5:42  Marine  
  50  5:44  SCV  
  49  6:00  Marine  
Show
View Real Time Build Order
Export as new Build Order

dremovd Zerg 

Build Orders: Pool First 

Get SALT Encoding   

  12  0:01  Drone  
  13  0:12  Overlord  
  13  0:18  Drone  
  14  0:31  Drone x2  
  14  0:34  Drone  
  17  0:48  Spawning Pool  
  16  0:51  Drone  
  17  1:13  Hatchery  
  17  1:17  Drone  
  17  1:19  Drone  
  17  1:22  Drone  
  19  1:34  Queen  
  19  1:35  Extractor  
  19  1:37  Zergling x2  
  21  1:48  Zergling x2  
  22  2:17  Overlord  
  22  2:26  Queen  
  22  2:28  Drone  
  22  2:29  Drone x3  
  28  2:35  Extractor  
  27  2:38  Roach Warren  
  27  2:40  Drone  
  27  2:41  Evolution Chamber  
  27  2:43  Drone x3  
  29  2:54  Drone  
  30  3:06  Drone  
  30  3:08  Drone x3  
  34  3:13  Extractor  
  34  3:14  Drone  
  34  3:23  Drone  
  34  3:24  Drone  
  36  3:31  Overlord  
  36  3:34  Zerg Missile Weapons Level 1  
  36  3:35  Lair  
  36  3:38  Overlord  
  34  3:49  Zergling x4  
  34  3:50  Zergling x6  
  39  3:56  Zergling x2  
  32  4:16  Roach x3  
  38  4:20  Drone x2  
  38  4:23  Drone  
  40  4:38  Roach x3  
  42  4:44  Roach  
  41  4:53  Queen  
  43  5:03  Drone x5  
  42  5:15  Zergling x2  
  42  5:16  Zergling x4  
  37  5:35  Drone  
  37  5:36  Drone x4  
  37  5:39  Roach  
  35  5:52  Roach x2  
Tags
 
Add a new tag
Caveats
  • Supply blocks, unpowered buildings, or Contaminate may cause inaccurate times.
  • Supply counts are checked every 10 seconds.